 Dungeon Crawl Stone Soup version 0.32-a0-128-g77eb882913 (webtiles) character file.

Game seed: 5250956119719812322

53655 jasper the Nimble (level 14, -6/84 HPs)
             Began as a Deep Elf Summoner on Feb 7, 2024.
             Was a High Priest of Cheibriados.
             Mangled by an elephant (17 damage)
             ... on level 5 of the Lair of Beasts.
             The game lasted 00:36:28 (17858 turns).

jasper the Nimble (Deep Elf Summoner)              Turns: 17858, Time: 00:36:28

Health: -6/84      AC:  7    Str: 16    XL:     14   Next: 31%
Magic:  12/25      EV: 23    Int: 37    God:    Cheibriados [*****.]
Gold:   1044       SH:  5    Dex: 26    Spells: 7/25 levels left

rFire   . . .        t - +0 trident
rCold   . . .        (no shield)
rNeg    . . .        w - +1 steam dragon scales
rPois   +            (no helmet)
rElec   .            (no cloak)
rCorr   .            J - +0 pair of gloves
SInv    .            (no boots)
Will    +....        p - amulet of reflection
Stlth   +++          v - ring of poison resistance
HPRegen 0.34/turn    (no ring)
MPRegen 0.19/turn

%: reflection
@: slowed, inugami summoned, very slow
A: no striking features
a: Renounce Religion, Bend Time, Temporal Distortion, Slouch, Step From Time


You were on level 5 of the Lair of Beasts.
You worshipped Cheibriados.
Cheibriados was extremely pleased with you.
You visited 3 branches of the dungeon, and saw 17 of its levels.
You also visited: Bailey.

You collected 1044 gold pieces.

Inventory:

Hand Weapons
 f - a +0 club
 g - a +0 dagger
 l - a +4 sling
 t - a +0 trident (weapon)
Missiles
 A - 4 datura-tipped darts
 B - 25 curare-tipped darts
 M - a throwing net
Armour
 a - a +0 robe
 m - a +0 leather armour
 u - a -2 helmet
 w - +1 steam dragon scales (worn)
 y - the +18 Lear's hauberk
   (You found it on level 6 of the Dungeon)
 z - +0 fire dragon scales
 J - a +0 pair of gloves (worn)
Magical Staves
 s - a staff of air
Jewellery
 p - an amulet of reflection (around neck)
 v - a ring of poison resistance (left hand)
 R - a ring of positive energy
 S - a +6 ring of strength
Talismans
 Q - a granite talisman
Wands
 C - a wand of flame (11)
 F - a wand of charming (4)
 G - a wand of polymorph (4)
 H - a wand of digging (12)
 O - a wand of iceblast (7)
Scrolls
 d - a scroll of poison
 e - a scroll of fear
 h - 3 scrolls of blinking
 j - 5 scrolls of enchant weapon
 k - 2 scrolls of vulnerability
 r - 8 scrolls of teleportation
 K - a scroll of identify
 N - 3 scrolls of revelation
 T - 2 scrolls of fog
 U - 2 scrolls of amnesia
Potions
 b - 2 potions of magic
 c - 8 potions of ambrosia
 i - 3 potions of lignification
 n - 2 potions of attraction
 o - a potion of degeneration
 q - 3 potions of invisibility
 x - 4 potions of curing
 D - 2 potions of enlightenment
 E - a potion of heal wounds
 I - a potion of brilliance
 L - a potion of cancellation
 P - 3 potions of haste
 V - a potion of might


   Skills:
 - Level 8.4 Fighting
 - Level 11.0 Polearms
 - Level 12.1 Dodging
 - Level 2.4 Stealth
 - Level 6.1 Spellcasting
 - Level 10.0 Summonings
 - Level 3.0 Fire Magic
 - Level 2.0 Ice Magic
 - Level 4.0 Air Magic
 - Level 12.0 Invocations
 + Level 5.5 Shapeshifting


You had 7 spell levels left.
You knew the following spells:

 Your Spells              Type           Power      Damage    Failure   Level
a - Summon Ice Beast      Ice/Summ       54%        N/A       1%          3
b - Call Imp              Summ           100%       N/A       1%          2
c - Call Canine Familiar  Summ           72%        N/A       1%          3
d - Summon Blazeheart Go  Fire/Summ      56%        N/A       2%          4
e - Summon Lightning Spi  Summ/Air       59%        N/A       1%          4
f - Blink                 Tloc           22%        N/A       4%          2

Your spell library contained the following spells:

 Spells                   Type           Power      Damage    Failure   Level
 Summon Small Mammal      Summ           100%       N/A       1%          1
 Cigotuvi's Dreadful Rot  Necr/Alch/Air  42%        N/A       2%          2
 Kiss of Death            Conj/Necr      44%        2d8       3%          1
 Magic Dart               Conj           44%        1d5       3%          1
 Slow                     Hex            44%        N/A       3%          1
 Ensorcelled Hibernation  Hex/Ice        36%        N/A       3%          2
 Lesser Beckoning         Tloc           22%        N/A       4%          2
 Momentum Strike          Conj/Tloc      22%        3d8       4%          2
 Searing Ray              Conj           22%        2d5       4%          2
 Inner Flame              Hex/Fire       22%        N/A       5%          3
 Confusing Touch          Hex            11%        N/A       10%         3
 Sigil of Binding         Hex            11%        N/A       10%         3
 Vampiric Draining        Necr           11%        2d6       10%         3
 Ignite Poison            Fire/Alch      22%        N/A       17%         4
 Fulminant Prism          Conj/Alch      5%         3d7       32%         4
 Freezing Cloud           Conj/Ice/Air   13%        6-21      36%         5
 Irradiate                Conj/Alch      5%         3d13      65%         5
 Ignition                 Fire           16%        3d7       100%        8


Dungeon Overview and Level Annotations

Branches:
Dungeon (11/15)            Temple (1/1) D:5            Lair (5/5) D:9
 Shoals (0/4) Lair:3        Snake (0/4) Lair:3          Orc (0/2) D:10
 Bailey (visited)
  Slime: Lair:4-5

Altars:
Ashenzari
Cheibriados
Dithmenos
Elyvilon
Fedhas
Gozag
Hepliaklqana
Kikubaaqudgha
Makhleb
Nemelex Xobeh
Okawaru
Qazlal
Ru
Sif Muna
Trog
Uskayaw
Vehumet
Wu Jian
Xom
Yredelemnul
Zin
The Shining One

Annotations:
D:4 2 runed translucent doors, puppykicker's ghost, novice OpEn
D:10 Erolcha
D:11 3 runed translucent doors, SaltyWalty's ghost, journeyman TeAE
Lair:3 exclusion: oklob plant


Message History

You take 10 damage, and have 52/84 hp.
Your lightning spire shoots out a bolt of lightning at the torpor snail!
The bolt of electricity hits the sea snake!
The bolt of electricity hits the skyshark!
The bolt of electricity hits the torpor snail!
You block the sea snake's attack.
Your inugami hits the sea snake! The skyshark closely misses you.
The skyshark tail-slaps you!
The skyshark tail-slaps you but does no damage.
The sea snake closely misses you.
The torpor snail barely misses your inugami.
The elephant tramples your ice beast.
Your ice beast stumbles backwards!
Your ice beast hits the elephant but does no damage.
Your lightning spire shoots out a bolt of lightning at the torpor snail!
The bolt of electricity hits the sea snake!
The bolt of electricity hits the torpor snail!
The skyshark bites you!!
* * * LOW HITPOINT WARNING * * *
The skyshark enters a blood-rage!
The skyshark completely misses you.
The skyshark tail-slaps you but does no damage.
Your inugami hits the sea snake. The sea snake barely misses you.
You take 28 damage, and have 24/84 hp.
MASSIVE DAMAGE!!
Activating: Slouch (1% risk of failure)
Press: ? - help, Dir - look around, f - activate You can feel time thicken for a moment.
You kill the sea snake!
Cheibriados appreciates the change of pace.
Cheibriados lowers the support of your attributes as your movement quickens.
The skyshark misses you. The skyshark barely misses you.
The skyshark misses you. The elephant tramples you!
* * * LOW HITPOINT WARNING * * *
You stumble backwards!
Your lightning spire shoots out a bolt of lightning at the torpor snail!
The bolt of electricity hits the torpor snail!
The torpor snail dies!
The skyshark bites your lightning spire.
The skyshark tail-slaps your lightning spire.
The skyshark barely misses your lightning spire.
The elephant tramples you!
You die...
Cheibriados appreciates the motionlessness of death.

##.#......~~~~.#~#~~.~..~~~~#.~
###.....~##~~~~.#⌠~#~#~#.~⌠#~~
#.......#.~###.#.##~~~.####.#
....#..##..~~~~~~~~~~~.~~~~ ~
.......##..~~~~~~~~~~~~~#~~~~
.~ ##.....#...~#~~~#~~~##~~~ ~#
##.....#..~#~~~##~~~~~~#
#........~.....~~.~~.~.
#.........<....@~~......
............##.IY.......
.........##..FhY......
..............$....... ...
..................P... ..P..
..........).......... ..P..
.....?..........P... .....
................(P. .....
.?........?..P⌠P .....


You could see a skyshark (berserk, ally target), an elephant, a friendly
lightning spire (summoned), a friendly ice beast (summoned, slow) and a friendly
inugami (summoned, slow).

Vanquished Creatures
  A catoblepas (Lair:3)
  8 death yaks
  A sea snake (Lair:5)
  2 manticores (Lair:3)
  An elephant (Lair:2)
  2 black mambas
  A cane toad (Lair:2)
  A komodo dragon (Lair:4)
  2 anaconda simulacra (Lair:1)
  Psyche (D:9)
  A polar bear (Lair:1)
  A ynoxinul (D:11)
  2 yaks (Lair:5)
  2 wyverns (Lair:5)
  A basilisk (Lair:2)
  3 water moccasins
  An ice beast (D:4)
  A sky beast (D:8)
  2 wolves (Lair:5)
  A kobold brigand (Bailey)
  2 bullfrogs
  A wight (D:9)
  2 killer bees (D:7)
  An electric eel (Lair:5)
  3 orc wizards
  2 gnolls
  4 adders
  8 dart slugs
  A ribbon worm (D:3)
  9 orcs
  6 bats
  5 endoplasms (D:4)
  A giant cockroach (D:3)
  5 goblins
  3 hobgoblins
  3 jackals
  4 quokkas
  4 ball pythons
  4 frilled lizards
  7 kobolds
  A rat (D:2)
111 creatures vanquished.

Vanquished Creatures (collateral kills)
  A merfolk avatar (Lair:5)
  3 hydras
  3 catoblepae
  A death knight (D:11)
  4 two-headed ogres
  4 death yaks
  Sonja (Lair:2)
  3 skysharks (Lair:3)
  A bog body (Lair:1)
  2 orc knights (Bailey)
  A cyclops (D:11)
  An ugly thing (D:10)
  3 manticores
  8 elephants
  2 black mambas (Lair:4)
  A salamander (Lair:3)
  9 cane toads
  A kobold demonologist (D:9)
  A torpor snail (Lair:5)
  An unseen horror (D:11)
  3 ice devils (Lair:1)
  A freezing wraith (D:11)
  7 komodo dragons
  4 trolls
  2 wind drakes (Lair:5)
  4 polar bears
  2 hornets
  10 blink frogs
  2 shadows
  A ynoxinul (D:11)
  3 wraiths (D:11)
  34 yaks
  Grum (D:9)
  7 wyverns
  2 basilisks
  5 steam dragons
  3 nagas (Lair:3)
  11 water moccasins
  An ice beast (D:4)
  4 black bears
  9 orc warriors
  2 ogres
  8 wolves
  A phantom (D:5)
  8 centaurs
  8 kobold brigands
  7 bullfrogs
  A scorpion (D:6)
  A gnoll sergeant (D:8)
  A cane toad simulacrum (Lair:1)
  3 wights (D:9)
  9 killer bees
  A bombardier beetle (D:6)
  4 hounds
  2 gnoll boudas
  2 jellies (D:6)
  An orc priest (D:10)
  2 iguanas
  3 sleepcaps
  4 orc wizards
  2 spriggan simulacra (Lair:1)
  16 gnolls
  5 adders
  3 white imps
  9 ufetubi (D:11)
  4 dart slugs (D:5)
  2 ribbon worms (D:2)
  29 orcs
  2 endoplasms (D:1)
  A giant cockroach (D:1)
  A hobgoblin (D:4)
  3 jackals
  2 quokkas (D:1)
  2 ball pythons
  3 frilled lizards
  A goblin (D:2)
  15 kobolds
335 creatures vanquished.

Vanquished Creatures (others)
  A kobold brigand (Bailey)
  A blazeheart core (Lair:2)
2 creatures vanquished.

Grand Total: 448 creatures vanquished

Notes
Turn   | Place    | Note
-------+----------+-------------------------------------------
     0 | D:1      | jasper the Deep Elf Summoner began the quest for the Orb.
     0 | D:1      | Reached XP level 1. HP: 10/10 MP: 6/6
   470 | D:1      | Reached XP level 2. HP: 15/15 MP: 4/8
   473 | D:1      | Learned a level 2 spell: Call Imp
   888 | D:2      | Reached skill level 5 in Summonings
   888 | D:2      | Reached XP level 3. HP: 19/19 MP: 7/10
   892 | D:2      | Learned a level 3 spell: Call Canine Familiar
  1344 | D:2      | Found a sacrificial altar of Ru.
  1549 | D:3      | Reached XP level 4. HP: 14/24 MP: 10/12
  1554 | D:3      | Learned a level 4 spell: Summon Blazeheart Golem
  1726 | D:3      | Got the Elucidation of Arcane Weapons and Hoarfrost
  2584 | D:4      | Reached skill level 1 in Fire Magic
  2617 | D:4      | Reached skill level 5 in Spellcasting
  2644 | D:4      | Learned a level 3 spell: Summon Ice Beast
  2645 | D:4      | Noticed an ice beast
  2656 | D:4      | Reached XP level 5. HP: 28/28 MP: 10/14
  2681 | D:4      | Killed an ice beast
  2682 | D:4      | Reached skill level 1 in Ice Magic
  2764 | D:4      | Noticed an ogre
  2771 | D:4      | Killed an ogre
  2772 | D:4      | Reached XP level 6. HP: 32/32 MP: 9/15
  2920 | D:4      | Found a large runed translucent door.
  2920 | D:4      | Found a large runed translucent door.
  2922 | D:4      | Noticed puppykicker's ghost (novice OpEn)
  2967 | D:4      | Noticed an ice beast
  2993 | D:4      | Killed an ice beast
  3092 | D:4      | Learned a level 4 spell: Summon Lightning Spire
  3389 | D:5      | Entered Level 5 of the Dungeon
  3395 | D:5      | Reached skill level 1 in Air Magic
  3424 | D:5      | Found a staircase to the Ecumenical Temple.
  3453 | D:5      | Reached XP level 7. HP: 36/36 MP: 14/18
  3455 | Temple   | Entered the Ecumenical Temple
  3480 | Temple   | Became a worshipper of Cheibriados the Contemplative
  3650 | D:5      | Learned a level 2 spell: Blink
  3895 | D:5      | Reached skill level 1 in Invocations
  4017 | D:5      | Found a hazy altar of Hepliaklqana.
  4337 | D:5      | Reached skill level 1 in Fighting
  4542 | D:6      | Noticed a troll
  4554 | D:6      | Killed a troll
  4555 | D:6      | Reached XP level 8. HP: 44/44 MP: 12/19
  4646 | D:6      | Reached * piety under Cheibriados
  4780 | D:6      | Reached skill level 5 in Dodging
  4930 | D:6      | Reached XP level 9. HP: 48/51 MP: 11/20
  5123 | D:6      | Found a glowing silver altar of Zin.
  5123 | D:6      | Found a white marble altar of Elyvilon.
  5124 | D:6      | Found a glowing golden altar of the Shining One.
  5378 | D:6      | Found the +18 Lear's hauberk
  5857 | D:7      | Reached ** piety under Cheibriados
  5858 | D:7      | Reached skill level 5 in Invocations
  6707 | D:8      | Reached *** piety under Cheibriados
  6741 | D:8      | Noticed a two-headed ogre
  6743 | D:8      | Noticed a two-headed ogre
  6747 | D:8      | Killed a two-headed ogre
  6754 | D:8      | Killed a two-headed ogre
  6755 | D:8      | Reached skill level 5 in Fighting
  6755 | D:8      | Reached XP level 10. HP: 59/59 MP: 12/21
  6903 | D:8      | Found a flagged portal.
  6912 | Bailey   | Entered a bailey
  7174 | Bailey   | Noticed an orc knight
  7183 | Bailey   | Killed an orc knight
  7291 | Bailey   | Noticed an orc knight
  7318 | Bailey   | Killed an orc knight
  7319 | Bailey   | Reached skill level 10 in Summonings
  7369 | Bailey   | Found an iron altar of Okawaru.
  7619 | D:8      | Noticed a two-headed ogre
  7631 | D:8      | Noticed a five-headed hydra
  7631 | D:8      | Noticed a manticore
  7632 | D:8      | Killed a two-headed ogre
  7666 | D:9      | Reached **** piety under Cheibriados
  7913 | D:9      | Noticed Psyche
  7922 | D:9      | Killed Psyche
  8094 | D:9      | Found a staircase to the Lair.
  8105 | D:9      | Reached XP level 11. HP: 65/65 MP: 9/22
  8196 | D:9      | Reached skill level 10 in Dodging
  8421 | D:9      | Found an ornate altar of the Wu Jian Council.
  8441 | D:9      | Noticed Grum
  8471 | D:9      | Killed Grum
  8689 | D:9      | Reached ***** piety under Cheibriados
  9220 | D:10     | Entered Level 10 of the Dungeon
  9257 | D:10     | Found a sparkling altar of Nemelex Xobeh.
  9373 | D:10     | Noticed a purple ugly thing
  9385 | D:10     | Killed a purple ugly thing
  9407 | D:10     | Noticed a two-headed ogre
  9416 | D:10     | Killed a two-headed ogre
  9561 | D:10     | Noticed Erolcha
  9759 | D:10     | Reached skill level 10 in Invocations
  9764 | D:10     | Identified the +5 sling of Hacking and Slashing {elec, Fly
                  | rF++ Str-4}
 10006 | D:10     | Found a staircase to the Orcish Mines.
 10533 | D:11     | Found a runed translucent gate.
 10533 | D:11     | Found a runed translucent gate.
 10533 | D:11     | Found a runed translucent gate.
 10534 | D:11     | Found an opulent altar of Gozag.
 10534 | D:11     | Noticed a brown ugly thing
 10534 | D:11     | Noticed a brown ugly thing
 10534 | D:11     | Noticed SaltyWalty's ghost (journeyman TeAE)
 10589 | D:11     | Reached XP level 12. HP: 65/73 MP: 15/23
 10905 | D:11     | Noticed a death knight
 10912 | D:11     | Killed a death knight
 11067 | D:11     | Reached ****** piety under Cheibriados
 11635 | Lair:1   | Entered Level 1 of the Lair of Beasts
 12037 | Lair:1   | Reached skill level 1 in Polearms
 12296 | Lair:1   | Noticed a death yak
 12313 | Lair:1   | Killed a death yak
 12613 | Lair:1   | Reached skill level 5 in Polearms
 13458 | Lair:2   | Reached XP level 13. HP: 79/79 MP: 18/24
 13686 | Lair:2   | Noticed Sonja
 13696 | Lair:2   | Killed Sonja
 14219 | Lair:2   | You fall into a shaft and drop 1 floor!
 14219 | Lair:3   | Found a staircase to the Shoals.
 15608 | Lair:3   | Found a staircase to the Snake Pit.
 15958 | Lair:4   | Reached skill level 10 in Polearms
 16810 | Lair:5   | Entered Level 5 of the Lair of Beasts
 16830 | Lair:5   | Reached XP level 14. HP: 84/84 MP: 20/25
 17242 | Lair:5   | Reached skill level 1 in Shapeshifting
 17634 | Lair:5   | HP: 1/84 [death yak (19)]
 17635 | Lair:5   | Reached skill level 5 in Shapeshifting
 17858 | Lair:5   | Mangled by an elephant

Illustrated notes

Levels and vault maps discovered:
D:1:      minmay_arrival_arboretum_large, layout_loops_ring, grunt_decor_cap,
          hangedman_glass_teeth
D:2:      layout_rooms, basic_altar, minmay_tetromino_s4
D:3:      wad_lake_hut, layout_basic
D:4:      layout_basic, ebering_ghost_disaster_area
D:5:      kennysheep_slugbush, layout_layer_cave,
          worldfamousw_hep_ancestral_shrine, minmay_temple_entry_junction,
          minivault_25
D:6:      layout_basic, good_gods_mini_temple, hellmonk_guarded_unrand_lears
D:7:      layout_loops_ring, minmay_misc_feat_roman, kennysheep_generic_room_11
D:8:      minmay_distorted_concentric_squares, layout_loops_ring, enter_bailey_8
D:9:      layout_basic, mainiacjoe_overflow_alcove_1, minmay_lair_entry_grove,
          serial_glass, glass_columns_b, glass_columns_b, glass_columns_b,
          glass_columns_b, glass_columns_a, glass_columns_a, uniq_grum,
          uniq_psyche
D:10:     layout_cave_pods, mainiacjoe_overflow_brackets, david_orc_5,
          uniq_erolcha
D:11:     layout_loops_ring, ebering_ghost_gozag, nicolae_fort_ynox
Temple:   lightli_temple_of_artemis
Lair:1:   dreamdust_isle_of_ice, layout_regular_city, hibernation_bobbens,
          grunt_megastairs_2
Lair:2:   layout_cave_pods, uniq_sonja
Lair:3:   nzn_motion_control, layout_layer_cave, minmay_shoals_entry_centaurs,
          alex1729_snake_entry_snake, serial_bayou_lagoon_a
Lair:4:   layout_cave_shapes
Lair:5:   gammafunk_lair_ancient_temple, layout_cave_pods,
          dpeg_slime_entry_enclosed, pdpol_lair_neglected_garden,
          serial_bayou_lagoon_b

Skill      XL: |  1  2  3  4  5  6  7  8  9 10 11 12 13 14 |
---------------+-------------------------------------------+-----
Spellcasting   | 4 5 6 |  6.1
Summonings     | 5 6 7 8 9 10 | 10.0
Fire Magic     | 1 3 |  3.0
Ice Magic      | 2 |  2.0
Air Magic      | 2 4 |  4.0
Invocations    | 2 4 6 8 10 12 | 12.0
Fighting       | 1 3 5 6 8 |  8.4
Dodging        | 3 5 7 9 11 12 | 12.1
Polearms       | 6 10 11 | 11.0
Shapeshifting  | 5 |  5.5
Stealth        | |  2.4

Action                     |  1- 3 |  4- 6 |  7- 9 | 10-12 | 13-15 || total
---------------------------+-------+-------+-------+-------+-------++-------
  Melee: Unarmed           |    16 |       |       |       |       ||    16
         Dagger            |    17 |       |       |       |       ||    17
         Punch             |     1 |       |     5 |    13 |    21 ||    40
         Trident           |       |       |    41 |   172 |   164 ||   377
   Fire: Sling             |    35 |    81 |    42 |       |       ||   158
   Cast: Summon Small Mamm |    15 |       |       |       |       ||    15
         Call Imp          |     5 |       |     2 |     1 |       ||     8
         Call Canine Famil |     4 |     8 |    20 |    33 |    27 ||    92
         Summon Ice Beast  |       |     3 |    15 |    59 |    32 ||   109
         Summon Blazeheart |       |     1 |       |     9 |     2 ||    12
         Summon Lightning  |       |       |    12 |    59 |    45 ||   116
         Blink             |       |       |       |     3 |       ||     3
 Invoke: Slouch            |       |       |       |     1 |    10 ||    11
  Evoke: Wand              |       |       |       |     1 |     5 ||     6
    Use: Potion            |     1 |       |       |     2 |     3 ||     6
         Scroll            |       |     9 |     6 |     8 |     2 ||    25
   Stab: Distracted        |     1 |       |     1 |     7 |     9 ||    18
         Sleeping          |       |       |       |     1 |     2 ||     3
 Armour: Robe              |    19 |    11 |    10 |       |       ||    40
         Skin              |     7 |       |       |       |       ||     7
         Steam dragon scal |       |       |    35 |   111 |    85 ||   231
  Dodge: Dodged            |    31 |    20 |    76 |   451 |   153 ||   731
  Block: Other             |     4 |     3 |    19 |    66 |    33 ||   125
         Reflection        |       |       |       |     7 |     1 ||     8

Table legend: (Time is in decaauts)
 A = Elapsed time spent in this place.
 B = Non-inter-level travel time spent in this place.
 C = Inter-level travel time spent in this place.
 D = Time resting spent in this place.
 E = Time spent auto-exploring this place.
 F = Levels seen in this place.
 G = Mean time per level.
                   A        B        C        D        E       F      G
               +--------+--------+--------+--------+--------+-----+--------+
         Total |  23689 |  22911 |    778 |   1230 |  17903 |  18 | 1316.1 |
       Dungeon |  14146 |  13607 |    539 |    689 |  10631 |  11 | 1286.0 |
        Temple |     57 |      3 |     54 |      0 |      0 |   1 |   57.0 |
          Lair |   8892 |   8708 |    184 |    386 |   7026 |   5 | 1778.4 |
        Bailey |    593 |    593 |      0 |    155 |    245 |   1 |  593.0 |
               +--------+--------+--------+--------+--------+-----+--------+

Top non-repeatable levels by time:
  Lair:3: 2554 daAuts
  Lair:1: 2328 daAuts
     D:9: 2174 daAuts
    D:10: 1923 daAuts
    D:11: 1847 daAuts
  Lair:2: 1488 daAuts
     D:7: 1466 daAuts
     D:6: 1321 daAuts
  Lair:5: 1266 daAuts
  Lair:4: 1254 daAuts
     D:5: 1221 daAuts
     D:3: 1070 daAuts
     D:4: 854 daAuts
     D:2: 810 daAuts
     D:1: 728 daAuts
